Map: Jagannatha LE

Players

Drift - Winner!

  • Race: Terran Terran
  • League: Diamond
  • Spawn Location: 7:00

A.I. 1 (Very Easy)

  • Race: Protoss Protoss
  • Spawn Location: 1:00

VOD

https://youtu.be/bM0mBIMief0

Description

A standard way of playing TvP 3cc

Time

  • Played on: Jan. 31, 2021, 12:13 a.m.
  • Length: 10:33
Show
View Real Time Build Order
Export as new Build Order

Drift Terran - Winner!

Build Orders: Reaper Expand 

Get SALT Encoding   

  6  0:00  SCV  
  13  0:12  SCV  
  14  0:17  Supply Depot  
  14  0:24  SCV  
  15  0:38  SCV  
  15  0:40  Barracks  
  16  0:43  Refinery  
  16  0:50  SCV  
  17  1:02  SCV  
  18  1:15  SCV  
  19  1:27  Orbital Command, Reaper  
  20  1:41  Command Center  
  20  1:51  Supply Depot  
  20  1:53  SCV  
  21  1:59  Marine  
  22  2:05  SCV  
  23  2:09  Factory  
  23  2:17  SCV  
  23  2:18  Bunker  
  23  2:21  Barracks Reactor  
  24  2:29  SCV  
  25  2:31  Refinery  
  25  2:41  SCV  
  26  2:53  SCV, Orbital Command  
  26  2:54  Hellion  
  26  2:58  Starport  
  29  3:00  Marine  
  29  3:04  Marine  
  31  3:06  SCV  
  32  3:16  Factory Tech Lab  
  32  3:18  SCV  
  32  3:19  SCV  
  34  3:21  Marine  
  34  3:22  Supply Depot  
  34  3:24  Marine  
  36  3:30  SCV  
  36  3:31  SCV  
  38  3:41  Raven  
  38  3:42  SCV  
  38  3:44  Factory Tech Lab, Marine x2  
  38  3:45  SCV  
  38  3:47  Supply Depot  
  44  3:54  SCV  
  45  3:57  SCV  
  46  4:06  SCV  
  46  4:09  Command Center  
  47  4:10  SCV  
  47  4:11  Siege Tank  
  51  4:19  Marine x2  
  51  4:20  Supply Depot  
  51  4:22  SCV  
  51  4:23  SCV  
  55  4:29  Barracks  
  55  4:34  Barracks  
  55  4:35  SCV  
  56  4:38  SCV  
  56  4:39  Marine  
  56  4:42  Supply Depot  
  58  4:45  Refinery  
  58  4:47  SCV, Refinery  
  58  4:50  Siege Tank  
  58  4:51  Marine  
  63  4:53  SCV  
  63  4:58  Marine  
  63  4:59  SCV  
  66  5:03  Engineering Bay  
  66  5:05  SCV  
  66  5:06  Engineering Bay  
  67  5:11  Supply Depot  
  67  5:14  Marine  
  68  5:17  Starport Reactor  
  68  5:18  SCV x2  
  68  5:19  Stimpack  
  70  5:26  Orbital Command  
  70  5:30  Factory Reactor, SCV  
  70  5:32  Terran Infantry Weapons Level 1  
  70  5:34  SCV  
  72  5:38  Terran Infantry Armor Level 1, Marine  
  72  5:40  Marine  
  72  5:42  SCV  
  75  5:46  Marauder  
  75  5:49  Marauder  
  79  5:51  Combat Shield  
  79  5:56  Orbital Command  
  79  6:00  Medivac x2  
  79  6:02  SCV  
  79  6:03  SCV  
  85  6:07  Marine  
  85  6:08  Widow Mine x2, Marine  
  85  6:09  Marauder  
  93  6:14  SCV  
  93  6:17  Marine  
  93  6:18  Supply Depot  
  95  6:20  Supply Depot  
  95  6:22  SCV x2  
  95  6:25  Marine  
  98  6:26  SCV  
  98  6:30  Marine  
  100  6:34  SCV  
  100  6:39  SCV  
  108  6:40  Marauder, Widow Mine x2  
  108  6:41  Marauder, Supply Depot, Medivac x2  
  108  6:42  SCV  
  108  6:43  Marine  
  108  6:44  Supply Depot  
  116  6:50  Armory  
  116  6:54  Barracks  
  116  6:56  SCV  
  116  6:57  Barracks  
  116  6:59  Concussive Shells  
  117  7:02  Marine x3  
  117  7:03  Marauder, SCV x2  
  117  7:05  Widow Mine  
  117  7:06  Widow Mine  
  128  7:09  SCV  
  131  7:16  Supply Depot  
  131  7:18  Supply Depot, Refinery x2  
  131  7:20  SCV, Supply Depot  
  131  7:22  Marine  
  133  7:35  Marauder  
  133  7:38  Marauder, SCV x3, Medivac, Marine  
  133  7:39  Terran Infantry Weapons Level 2, Medivac  
  133  7:40  Supply Depot  
  143  7:44  Supply Depot  
  143  7:50  SCV x2  
  143  7:51  Terran Infantry Armor Level 2, Marine  
  145  7:53  Barracks Reactor, Barracks Tech Lab  
  145  7:55  SCV  
  145  7:56  Marine  
  148  8:01  Marine  
  148  8:03  Command Center, Marine  
  148  8:05  Supply Depot  
  150  8:08  Supply Depot  
  150  8:09  Starport, Marine  
  150  8:11  Factory Reactor, SCV  
  153  8:12  SCV  
  153  8:13  SCV, Marine  
  155  8:20  Ghost Academy  
  155  8:23  SCV, Marine  
  158  8:27  Viking  
  158  8:29  Viking, Supply Depot  
  158  8:31  Supply Depot  
  158  8:33  Marine  
  165  8:34  Marauder, Marine  
  165  8:36  SCV  
  165  8:40  Marine  
  165  8:41  Marauder  
  169  8:43  Marauder  
  169  8:46  Viking  
  169  8:47  Viking  
  177  8:59  Marine x2  
  177  9:02  Viking x2  
  187  9:13  Barracks  
  187  9:14  Barracks  
  187  9:15  Barracks  
  187  9:24  Unknown, Marauder, Marine  
  187  9:28  Marine  
  187  9:29  Viking x2  
  187  9:30  Unknown  
  197  9:33  Unknown  
  197  9:35  Marine  
  200  9:47  Refinery  
  200  9:51  Refinery  
  200  9:57  Command Center  
  200  9:59  Unknown  
  200  10:01  Unknown  
  200  10:03  Starport, Fusion Core  
  200  10:07  Missile Turret x3  
  200  10:09  Missile Turret, Barracks Tech Lab  
  200  10:10  Barracks Tech Lab  
  200  10:11  Missile Turret, Barracks Tech Lab  
Show
View Real Time Build Order
Export as new Build Order

A.I. 1 (Very Easy) Protoss 

Build Orders:  

Get SALT Encoding   

  6  0:00  Probe  
  13  0:13  Probe  
  14  0:19  Pylon  
  14  0:37  Assimilator  
  14  0:43  Gateway  
  14  0:46  Pylon  
  14  1:15  Assimilator  
  14  1:17  Probe  
  14  1:25  Probe  
  16  1:33  Probe  
  16  1:34  Cybernetics Core  
  17  1:44  Probe  
  18  1:55  Probe  
  18  2:00  Warp Gate  
  19  2:03  Probe  
  20  2:11  Stalker  
  22  2:27  Pylon  
  22  2:39  Probe  
  22  2:40  Stalker  
  24  3:11  Zealot  
  26  5:34  Probe  
  26  5:35  Zealot  
  29  5:38  Robotics Facility  
  29  5:43  Probe  
  30  5:51  Probe  
  30  5:54  Pylon  
  31  6:01  Probe  
  32  6:12  Probe  
  27  6:20  Probe  
  27  6:25  Observer  
  29  6:27  Zealot  
  29  6:29  Probe  
  31  6:46  Observer  
  32  7:10  Nexus  
  31  7:19  Stalker  
  33  8:21  Probe  
  33  8:22  Stalker  
  36  8:33  Probe  
  37  8:36  Assimilator  
  35  8:41  Pylon  
  35  8:42  Probe  
  26  8:51  Zealot  
  26  8:54  Probe  
  23  9:09  Probe  
  23  9:16  Pylon  
  22  9:21  Probe, Pylon  
  22  9:30  Probe  
  19  9:38  Probe  
  18  9:48  Probe  
  18  9:50  Pylon  
  18  9:58  Nexus  
  16  10:00  Probe  
  16  10:04  Assimilator  
  15  10:12  Probe  
  14  10:19  Gateway  
Tags
 
Add a new tag
Caveats
  • Supply blocks, unpowered buildings, or Contaminate may cause inaccurate times.
  • Supply counts are checked every 10 seconds.